[Event "*** Titled Tuesday Blitz"]
[Site "Chess.com"]
[Date "2020.05.26"]
[Round "10"]
[White "atwalcb"]
[Black "AlanZhang"]
[Result "1-0"]
[WhiteElo "2390"]
[BlackElo "2246"]
[TimeControl "180+1"]
[EndTime "12:03:23 PDT"]
[Termination "atwalcb won on time"]

1. d4 Nf6 2. Bg5 d5 3. Bxf6 exf6 4. e3 Be7 5. g3 O-O 6. Bg2 c6 7. Ne2 Be6 8. O-O Nd7 9. Qd3 f5 10. Nd2 g6 11. c4 Bf6 12. Nf4 Nb6 13. c5 Nd7 14. b4 b6 15. a4 a5 16. b5 bxc5 17. bxc6 Nb8 18. Nxe6 fxe6 19. Qb5 cxd4 20. Qb7 Na6 21.
exd4 Bxd4 22. Rae1 Nc5 23. Qb5 Rb8 24. Qe2 Ne4 25. Bxe4 dxe4 26. Qc4 Qd5 27. Rd1 Rfc8 28. Rc1 Ba7 29. Rfd1 e3 30. fxe3 Bxe3+ 31. Kf1 Qxc4+ 32. Rxc4 Bxd2 33. Rxd2 Rb6 34. c7 Kf7 35. Rd8 Rxc7 36.
Rxc7+ Kf6 37. Rxh7 Rb4 38. Ra8 Rxa4 39. Rha7 Ra1+ 40.
Kg2 Ra2+ 41. Kh3 g5 42. g4 Ra3+ 43. Kg2 fxg4 44. Rxa5 Rd3 45. Ra2 e5 46. Rf2+ Kg6 47. Ra4 1-0

[Event "*** Titled Tuesday Blitz"]
[Site "Chess.com"]
[Date "2020.05.26"]
[Round "10"]
[White "Quattroporte300"]
[Black "Grandmaster2B"]
[Result "0-1"]
[WhiteElo "2305"]
[BlackElo "2431"]
[TimeControl "180+1"]
[EndTime "12:03:25 PDT"]
[Termination "Grandmaster2B won by resignation"]

1. e4 c5 2. Nf3 d6 3. d4 cxd4 4. Nxd4 Nf6 5. Nc3 a6 6. h3 e5 7.
Nde2 Be6 8. g4 d5 9. exd5 Nxd5 10. Bg2 Nxc3 11. Qxd8+ Kxd8 12. Nxc3 Kc7 13. f4 f6 14. Bd2 Nc6 15. O-O-O Bc5 16. Rhe1 Bd4 17. Nd5+ Bxd5 18. Bxd5 Rad8 19. Bxc6 Kxc6 20. c3 Bf2 21. Re2 Bg3 22. fxe5 Bxe5 23. Be1 Bf4+ 24. Kc2 Rxd1 25. Kxd1 Rd8+ 26. Kc2 Be5 27. g5 Rd5 28. gxf6 Bxf6 29.
c4 Rh5 30. Re3 Rc5 31. b3 h5 32. Bg3 Rf5 33. b4 h4 34. Be1 Rf4 35. Kb3 g5 36. a4 Rf5 37. Re6+ Kd7 38. Re3 Re5 39. Rd3+ Kc7 40. Bc3 Re6 41. Bd2 Rd6 42. Rxd6 Kxd6 43.
Kc2 Ke6 44. Kd3 g4 45. Bf4 gxh3 46. Ke4 Be7 47. c5 a5 48. bxa5 Bxc5 49. Bh2 Bd6 50. Bg1 h2 0-1

[Event "*** Titled Tuesday Blitz"]
[Site "Chess.com"]
[Date "2020.05.26"]
[Round "10"]
[White "CHESSMASTER759"]
[Black "nurmiTV"]
[Result "0-1"]
[WhiteElo "2636"]
[BlackElo "2515"]
[TimeControl "180+1"]
[EndTime "12:03:26 PDT"]
[Termination "nurmiTV won on time"]

1. e4 c5 2. c3 Nf6 3. e5 Nd5 4. Nf3 Nc6 5. d4 cxd4 6. Bc4 e6 7. cxd4 d6 8. Qe2 Be7 9. O-O O-O 10. a3 b6 11. Rd1 Bb7 12. Nc3 Nxc3 13. bxc3 Na5 14. Bd3 Rc8 15. exd6 Qxd6 16. Bb2 Bxf3 17. Qxf3 Nc4 18.
Bc1 g6 19. Bh6 Rfd8 20. a4 Bf8 21. Bf4 Qd7 22. Ra2 Bg7 23. Bg5 Re8 24. h3 Na5 25. Bb5 Nc6 26. c4 a6 27. Bxa6 Nxd4 28. Qd3 Rc5 29. Be3 Rd8 30. Bb5 Qb7 31. Qb1 Rcc8 32. Kf1 Bf6 33. Rad2 e5 34. f3 Qc7 35. Qe4 Kg7 36.
g4 h6 37. Kg2 Nxb5 38. cxb5 Rxd2+ 39. Rxd2 Qa7 40. Rd6 Rc3 41. Bxb6 Qb8 42. Rc6 Ra3 43. Be3 Qd8 44. Rc2 Qd1 45. Bf2 Ra1 46. Kg3 Qh1 0-1

[Event "*** Titled Tuesday Blitz"]
[Site "Chess.com"]
[Date "2020.05.26"]
[Round "10"]
[White "CMS13"]
[Black "MusicCityMaster"]
[Result "0-1"]
[WhiteElo "2211"]
[BlackElo "2371"]
[TimeControl "180+1"]
[EndTime "12:03:26 PDT"]
[Termination "MusicCityMaster won by resignation"]

1. e4 c5 2. Nc3 d6 3. f4 g6 4. Nf3 Bg7 5. Bb5+ Bd7 6. Bc4 Nc6 7. O-O e6 8. d3 Nge7 9. Qe1 Nd4 10. Nxd4 cxd4 11.
Ne2 O-O 12. f5 exf5 13. Bg5 Be6 14. Qh4 Bxc4 15. Bxe7 Qb6 16. Bxf8 Rxf8 17. exf5 Bd5 18. f6 Bh8 19. Ng3 Re8 20. Rae1 Qc6 21. Ne4 Qxc2 22.
Qg5 Bxe4 23. Rxe4 Rxe4 24. dxe4 Qxe4 25. Rc1 Qe6 26. Rf1 h6 27. Qf4 d3 28. Kh1 d2 29. Qxd2 Bxf6 30. Re1 Be5 31. Qxh6 Qxa2 32. Qd2 Qxb2 33. Qxb2 Bxb2 34. Rb1 Bd4 35. Rxb7 Bc5 36. g3 Kg7 37. Kg2 Kf6 38. Kf3 a5 39. Ke4 a4 40.
Kd3 a3 41. Kc2 Ke6 42. Kb3 f5 43. Rg7 Kf6 44. Rb7 g5 45. h4 f4 46. hxg5+ Kxg5 47. Rg7+ Kf6 48. Rg4 fxg3 49. Rxg3 Ke5 50. Rg5+ Kf4 51.
Rxc5 dxc5 52. Kxa3 Ke3 53. Kb2 Kd2 54. Kb3 Kd3 55. Kb2 c4 56. Kc1 Kc3 57. Kb1 Kd2 58.
Kb2 c3+ 59. Kb1 c2+ 60. Ka2 c1=Q 0-1

[Event "*** Titled Tuesday Blitz"]
[Site "Chess.com"]
[Date "2020.05.26"]
[Round "10"]
[White "warmoatmeal"]
[Black "tylityli"]
[Result "1-0"]
[WhiteElo "2167"]
[BlackElo "2286"]
[TimeControl "180+1"]
[EndTime "12:03:26 PDT"]
[Termination "warmoatmeal won on time"]

1. d4 Nf6 2. Nf3 d5 3. Bf4 c5 4. e3 Nc6 5. c3 Qb6 6. Qc2 Bf5 7.
dxc5 Bxc2 8. cxb6 axb6 9. Na3 Bf5 10. Nb5 Kd7 11. Be2 Nh5 12. Bg3 Nxg3 13. hxg3 e6 14.
O-O h6 15. Rfd1 Ke7 16. c4 dxc4 17. Bxc4 Na5 18. Be2 Kf6 19. a3 g5 20. Rac1 Bg7 21.
Rc7 Rac8 22. Rdd7 Rxc7 23. Rxc7 Kg6 24. b4 Nc6 25. Rxb7 Rb8 26. Rxb8 Nxb8 27. Nfd4 Be4 28. Bf3 Bxf3 29. gxf3 e5 30. Nb3 f5 31. a4 Bf8 32.
a5 Bxb4 33. axb6 Kf6 34. Kf1 Ke6 35. Nc7+ Kd6 36. Ne8+ Ke7 37. Ng7 Kf6 38. Nh5+ Ke7 39. Ke2 Kd7 40. Ng7 f4 41. g4 Kc6 42. Nf5 Bf8 43.
Na5+ Kb5 44. Nb7 Kxb6 45. Nd8 Nd7 46. Nf7 Kc6 47. N7xh6 Kd5 48. Nf7 Ke6 49. Nxg5+ Kf6 50. Ne4+ Ke6 51. Kd3 Nb6 52. Nc3 Nd7 53.
exf4 Nc5+ 54. Ke3 exf4+ 55. Kxf4 Nd3+ 56. Kg3 Ne5 57. Ne4 Bb4 58. Ne3 Be7 59. f4 Nd3 60.
g5 Bd8 61. f3 1-0

[Event "*** Titled Tuesday Blitz"]
[Site "Chess.com"]
[Date "2020.05.26"]
[Round "10"]
[White "zurzan"]
[Black "DonPreuss"]
[Result "0-1"]
[WhiteElo "1953"]
[BlackElo "2235"]
[TimeControl "180+1"]
[EndTime "12:03:26 PDT"]
[Termination "DonPreuss won on time"]

1. f4 f5 2. Nf3 Nf6 3. g3 g6 4. Bg2 Bg7 5. O-O O-O 6. d3 d6 7. c3 Qe8 8. Qe1 e5 9. fxe5 dxe5 10. e4 Nc6 11. Na3 Qe7 12. Rb1 Be6 13. b3 Rad8 14. Qe2 Bf7 15. Nb5 Rfe8 16. Ba3 Qd7 17. d4 a6 18. d5 axb5 19. dxc6 Qxc6 20. c4 Nxe4 21. cxb5 Qb6+ 22. Kh1 Nc3 23. Qc2 Nxb1 24. Qxb1 e4 25. Ng5 Qxb5 26. Nxf7 Kxf7 27. Bb2 Bxb2 28.
Qxb2 Qe5 29. Qc2 e3 30. Qc4+ Kg7 31. Re1 Rd2 32. Bf3 Re7 33. a4 Qd4 34. Qxd4+ Rxd4 35. Bxb7 e2 36. Bf3 Rd2 37. Kg2 Rb2 38. Bd5 Rd7 39. Bc4 Rd1 40. Kf2 Rxe1 41. Kxe1 Kf6 42. a5 Ke5 43. a6 Kd4 44. Bxe2 Rxb3 45. Kd2 Ra3 46. Kc2 c5 47. Kb2 Ra5 48. Kb3 h6 49. h3 g5 50. Bc4 f4 51. gxf4 gxf4 52.
Be2 Ke3 0-1

[Event "*** Titled Tuesday Blitz"]
[Site "Chess.com"]
[Date "2020.05.26"]
[Round "10"]
[White "gliglu"]
[Black "Shankovskyi"]
[Result "1/2-1/2"]
[WhiteElo "2389"]
[BlackElo "2517"]
[TimeControl "180+1"]
[EndTime "12:03:27 PDT"]
[Termination "Game drawn by repetition"]

1. d4 e6 2. c4 d5 3. Nc3 f5 4. Nf3 Nf6 5. g3 c6 6. Bg2 Bd6 7. O-O O-O 8. Bf4 Ne4 9. Bxd6 Qxd6 10. Ne5 Nd7 11. Nxd7 Nxc3 12. bxc3 Bxd7 13. c5 Qc7 14. f4 b6 15. cxb6 axb6 16. Qb3 Rfb8 17. c4 Qd6 18. a4 dxc4 19. Qxc4 b5 20. axb5 Rxa1 21. Rxa1 cxb5 22. Qc5 Qxc5 23. dxc5 Rc8 24. Rc1 Bc6 25. Bf1 b4 26. e3 b3 27. Bc4 b2 28.
Bxe6+ Kf8 29. Re1 Ra8 30. Bxf5 Ra1 31. Kf2 Bd5 32. Bb1 Ke7 33. e4 Bb3 34. e5 g6 35. g4 Be6 36. f5 Bc4 37. c6 Ra6 38. Be4 Rb6 39. f6+ Ke6 40. Bb1 Bd5 41. Re2 Bxc6 42.
g5 Bd5 43. Ke3 Rb3+ 44. Kd4 Rb4+ 45. Kc3 Rb3+ 46. Kc2 Rb4 47. Kc3 Rb3+ 48. Kd4 Rb4+ 49. Kc3 1/2-1/2

[Event "*** Titled Tuesday Blitz"]
[Site "Chess.com"]
[Date "2020.05.26"]
[Round "10"]
[White "Rozum_Ivan"]
[Black "TenisMaster"]
[Result "1-0"]
[WhiteElo "2667"]
[BlackElo "2815"]
[TimeControl "180+1"]
[EndTime "12:03:28 PDT"]
[Termination "Rozum_Ivan won on time"]

1. d4 Nf6 2. Nf3 d5 3. c4 e6 4.
g3 Bb4+ 5. Bd2 Be7 6. Bg2 O-O 7. O-O Nbd7 8. Qc2 Ne4 9. Bf4 c6 10. Nc3 g5 11. Bc1 f5 12. Rb1 Bf6 13. Rd1 Qe7 14.
b4 Qg7 15. e3 Nb6 16. c5 Nc4 17. Nxe4 fxe4 18. Ne1 b5 19. cxb6 axb6 20. Bxe4 dxe4 21. Qxc4 Bd7 22. Bb2 Rf7 23. Qb3 b5 24. Rd2 h5 25.
a3 Qg6 26. Qc2 h4 27. f3 hxg3 28. hxg3 e5 29. dxe5 Bg7 30. Rbd1 Bf5 31. g4 Be6 32. Rd6 Raf8 33. R1d2 Qh6 34. Rh2 Qg6 35. Rf2 Re7 36. Ng2 Ref7 37. f4 gxf4 38. Nxf4 Rxf4 39. exf4 Qxg4+ 40. Rg2 Qxf4 41. Rxe6 Qf1+ 42. Kh2 Qf4+ 43. Rg3 Qh4+ 44.
Kg2 Qf4 45. Qe2 e3 46. Reg6 Qe4+ 47. Kh3 Qh1+ 48. Kg4 Qe4+ 49. Kh3 Qh1+ 50. Qh2 1-0

[Event "*** Titled Tuesday Blitz"]
[Site "Chess.com"]
[Date "2020.05.26"]
[Round "10"]
[White "NewBornNow"]
[Black "vladislavkovalev"]
[Result "0-1"]
[WhiteElo "2735"]
[BlackElo "2887"]
[TimeControl "180+1"]
[EndTime "12:03:29 PDT"]
[Termination "vladislavkovalev won on time"]

1. e4 e5 2. Nf3 Nc6 3. Bb5 a6 4. Ba4 Nf6 5. O-O Be7 6. Re1 b5 7.
Bb3 d6 8. c3 O-O 9. h3 Nb8 10. d4 Nbd7 11. Nbd2 c5 12. a4 Bb7 13. d5 c4 14. Bc2 Nc5 15. Nf1 Qc7 16. g4 Rfb8 17.
Ng3 g6 18. Kh2 Bc8 19. Rg1 Bd7 20. a5 b4 21. cxb4 Rxb4 22. Ra3 Rab8 23. Nf5 Bxf5 24. gxf5 Ncxe4 25. fxg6 hxg6 26. Ng5 c3 27. bxc3 Nxc3 28. Qd3 Nce4 29. Nxe4 Rxe4 30. Rc3 Qxa5 31. f3 Rd4 32. Rxg6+ Kf8 33. Qe3 fxg6 34. Qh6+ Ke8 35. Bxg6+ Kd7 36. Bf5+ Kd8 37. Qh8+ Ne8 38. Bg6 Qb5 39. Rc6 Qe2+ 40. Kg3 Bh4+ 41. Qxh4+ Rxh4 42. Bg5+ Nf6 43. Bxf6+ Kd7 44.
Bf5+ Ke8 45. Bg6+ Kf8 46. Kxh4 Qxf3 47. Rxd6 Rb4+ 0-1

[Event "*** Titled Tuesday Blitz"]
[Site "Chess.com"]
[Date "2020.05.26"]
[Round "10"]
[White "MarcoRiehle"]
[Black "BogdanDeac"]
[Result "0-1"]
[WhiteElo "2638"]
[BlackElo "2937"]
[TimeControl "180+1"]
[EndTime "12:03:29 PDT"]
[Termination "BogdanDeac won by resignation"]

1. e4 e5 2. Nf3 Nc6 3. Bc4 Nf6 4. O-O Nxe4 5. d4 d5 6. Re1 dxc4 7. Rxe4 Bf5 8. Re1 Be7 9. Nxe5 Nxd4 10. Na3 O-O 11. c3 Bxa3 12. cxd4 Bb4 13. Re3 Qd5 14. Rg3 Rad8 15.
Be3 c5 16. Rg5 cxd4 17. Bf4 Qe6 18. Qa4 f6 19. Rg3 fxe5 20. Bg5 Be7 21. Bxe7 Qxe7 22. Qxc4+ Qf7 23. Qe2 e4 24. Rd1 Qxa2 25. h3 Qf7 26. Qb5 a6 27. Qe5 Rfe8 28. Qc5 Rd5 29. Qc4 Rc8 30. Qb3 d3 31. Kh2 Be6 32. Qb4 Bf5 33. Qb3 Bg6 34. Rd2 Rf5 35. Qb4 Rxf2 36. Rxf2 Qxf2 37. Qxb7 Rf8 38. Qd5+ Kh8 39. h4 d2 40. h5 Qf5 41. Qd6 Qxh5+ 42. Rh3 Qf5 43. Qxd2 Qf4+ 44. Qxf4 Rxf4 45. Rc3 h6 46. Rc6 Rf6 47. Rc7 Re6 48.
Kg1 e3 49. Kf1 Bd3+ 50. Ke1 Rf6 0-1

[Event "*** Titled Tuesday Blitz"]
[Site "Chess.com"]
[Date "2020.05.26"]
[Round "10"]
[White "Danfii"]
[Black "lupta_robin"]
[Result "1-0"]
[WhiteElo "2428"]
[BlackElo "2590"]
[TimeControl "180+1"]
[EndTime "12:03:29 PDT"]
[Termination "Danfii won by resignation"]

1. e4 c5 2. Nf3 Nc6 3. d4 cxd4 4. Nxd4 Nf6 5. Nc3 e5 6. Ndb5 d6 7. Bg5 a6 8. Na3 b5 9. Nd5 Be7 10. Bxf6 Bxf6 11. c4 b4 12. Nc2 O-O 13. h4 a5 14.
g3 a4 15. b3 Be6 16. Bg2 Bxd5 17. cxd5 Na7 18. O-O Qa5 19. Qd2 Rfb8 20. Rfb1 a3 21. Bf1 Bd8 22. Ne3 Nb5 23. Bxb5 Rxb5 24. Rc1 Bb6 25.
Nc4 Qa6 26. Kg2 Bd4 27. Rab1 h6 28. Qd3 Rc5 29. Rc2 Rac8 30. Rd1 f6 31. Qf3 Rxc4 32.
bxc4 Rxc4 33. Qd3 Bc3 34. Rb1 Qc8 35. Rb3 Qc5 36. h5 Qc8 37. Qf3 Rd4 38. Rcxc3 bxc3 39. Rxc3 Qd7 40. Rxa3 Kh7 41. Ra8 f5 42. exf5 Qf7 43. Ra5 e4 44. Qf4 Qf6 45. a4 Rb4 46. Ra6 Rb2 47.
Rxd6 Qd4 48. f6 Qxf6 49. Rxf6 gxf6 50. Qxe4+ 1-0

[Event "*** Titled Tuesday Blitz"]
[Site "Chess.com"]
[Date "2020.05.26"]
[Round "10"]
[White "dosto07"]
[Black "freshfoodcompany"]
[Result "1/2-1/2"]
[WhiteElo "2134"]
[BlackElo "2195"]
[TimeControl "180+1"]
[EndTime "12:03:29 PDT"]
[Termination "Game drawn by agreement"]

1. e4 c5 2. Nf3 Nc6 3. Bb5 g6 4. O-O Bg7 5. c3 e5 6. d3 Nge7 7. Be3 d6 8. d4 exd4 9. cxd4 O-O 10.
Nc3 Bg4 11. dxc5 Bxf3 12. Qxf3 dxc5 13. Bxc5 Nd4 14. Bxd4 Qxd4 15. Rad1 Qb6 16. Qe2 a6 17. Bc4 Rfd8 18. Nd5 Nxd5 19. Rxd5 Rxd5 20. Bxd5 Re8 21.
Qf3 Re7 22. b3 h5 23. g3 Rc7 24. h4 Qf6 25. Qxf6 Bxf6 26. Rd1 b5 27. Rd3 Rc2 28. a3 Rc3 29. Rxc3 Bxc3 30. a4 bxa4 31. bxa4 a5 32.
Kf1 Kg7 33. Ke2 Kf6 34. f4 Bb4 35. Kf3 Ke7 36. g4 hxg4+ 37. Kxg4 Kf6 38. e5+ Kg7 39. h5 gxh5+ 40. Kxh5 Bd2 41. Kg4 Bb4 42. f5 f6 43.
e6 Kf8 44. Kf4 Ke7 45. Ke4 Bd2 46. Bc4 Bb4 47. Kd5 Be1 48. Bb5 Bc3 49. Kc6 Bd2 50.
Bc4 Bc3 51. Kb5 Bd2 52. Bd5 Bc3 53. Be4 Bd2 54. Kc4 Bb4 55. Bd5 Be1 56. Kd3 Bb4 57. Kc4 Be1 58. Bc6 Bb4 59. Kd3 Be1 60. Kc4 Bb4 61. Kb5 Be1 62. Kb6 Bb4 63. Kb5 Be1 64.
Kb6 1/2-1/2

[Event "*** Titled Tuesday Blitz"]
[Site "Chess.com"]
[Date "2020.05.26"]
[Round "10"]
[White "Savva09022009"]
[Black "ChronicUnhappiness"]
[Result "1-0"]
[WhiteElo "2397"]
[BlackElo "2275"]
[TimeControl "180+1"]
[EndTime "12:03:30 PDT"]
[Termination "Savva09022009 won on time"]

1. d4 Nf6 2. Nc3 d5 3. Bf4 a6 4. e3 e6 5. Nf3 c5 6. Bd3 Nc6 7. dxc5 Bxc5 8. O-O O-O 9. e4 b5 10. exd5 exd5 11. h3 Re8 12. a3 d4 13. Ne2 Bb7 14. Ng3 Nd5 15. Bg5 f6 16. Bd2 Ne5 17. Nxe5 fxe5 18.
Qg4 Nf6 19. Qf5 g6 20. Qg5 Nd5 21. Bxg6 Qxg5 22. Bxh7+ Kxh7 23. Bxg5 e4 24. Rae1 e3 25. fxe3 dxe3 26. Rf7+ Kg6 27. Rxb7 Kxg5 28. Rg7+ Kf6 29. Nh5+ Kf5 30. g4+ Ke6 31. g5 Rg8 32. Rxg8 Rxg8 33. h4 Kf5 34. Kg2 Kg4 35. Nf6+ Nxf6 36. gxf6 Kxh4+ 37.
Kf3 Kg5 38. Rg1+ Kxf6 39. Rxg8 Ke5 40. Re8+ Kd5 41. b4 Bd4 42. Kf4 Bb2 43. Kxe3 Bxa3 44.
c3 Kc4 45. Rc8+ Kb3 46. Kd3 Bb2 47. Rc6 Ba1 48. Kd4 Bb2 49. Kd3 Ba1 50. c4 bxc4+ 51.
Rxc4 Bb2 52. Re4 Ba3 53. Re6 Bxb4 54. Rxa6 Bc3 55. Rb6+ Bb4 56. Kd4 Ka4 57. Kc4 Ba5 58. Ra6 1-0

[Event "*** Titled Tuesday Blitz"]
[Site "Chess.com"]
[Date "2020.05.26"]
[Round "10"]
[White "atalz0"]
[Black "Karinaa87"]
[Result "0-1"]
[WhiteElo "2331"]
[BlackElo "2527"]
[TimeControl "180+1"]
[EndTime "12:03:31 PDT"]
[Termination "Karinaa87 won on time"]

1. d4 Nf6 2. c4 e6 3. Nc3 Bb4 4. Qb3 a5 5. Nf3 Nc6 6. e3 O-O 7. Be2 d6 8. O-O Bxc3 9. Qxc3 Ne4 10. Qc2 f5 11. b3 Bd7 12. Bb2 Be8 13. Ne1 Bg6 14.
f3 Nf6 15. Nd3 Qe7 16. Nf4 Bf7 17. Rad1 g5 18. Nd3 Bg6 19. Qd2 b6 20. Nf2 Rae8 21.
e4 fxe4 22. Qxg5 d5 23. Bc1 exf3 24. Bxf3 Ne4 25. Bxe4 Qxg5 26. Bxg5 dxe4 27. Ng4 Rxf1+ 28. Kxf1 Rf8+ 29. Ke1 Bh5 30. Nf6+ Rxf6 31. Bxf6 Bxd1 32. Kxd1 Kf7 33. Bh8 Nb4 34. a3 Nd3 35. Kd2 Kg6 36.
Ke3 Kf5 37. h3 Nc1 38. b4 axb4 39. axb4 Na2 40. g4+ Kg6 41. b5 Kf7 42. Kxe4 Nc3+ 43. Ke5 Ne2 44. h4 Ng3 45. h5 Ne2 46. Ke4 Nc3+ 47.
Kd3 Nd1 48. Ke2 Nb2 49. c5 Na4 0-1

[Event "*** Titled Tuesday Blitz"]
[Site "Chess.com"]
[Date "2020.05.26"]
[Round "10"]
[White "SoltaniciR"]
[Black "SketchyMoves"]
[Result "0-1"]
[WhiteElo "2469"]
[BlackElo "2632"]
[TimeControl "180+1"]
[EndTime "12:03:34 PDT"]
[Termination "SketchyMoves won on time"]

1. e4 e6 2. d4 d5 3. Nd2 a6 4. Bd3 c5 5. dxc5 Bxc5 6. Ngf3 Nc6 7. O-O Nf6 8. Qe2 e5 9. exd5 Qxd5 10. Ne4 Be7 11.
Nxf6+ Bxf6 12. Rd1 Qa5 13. c3 Be6 14. b4 Qc7 15.
Ng5 Bxg5 16. Bxg5 h6 17. Bh4 O-O 18. Rac1 Rae8 19. f3 f5 20. Bf2 g5 21. a4 Qg7 22. b5 axb5 23. axb5 Na5 24. Bc5 Rf7 25. Bb4 b6 26. Re1 Bd5 27. c4 Ba8 28. c5 Nb3 29. c6 Nxc1 30. Rxc1 Kh8 31. Bc4 Rf6 32.
Bc3 Rd6 33. Re1 Kh7 34. Bxe5 Qg6 35. Qf2 Rdd8 36. Bc7 Rxe1+ 37. Qxe1 Re8 38. Qd2 Re7 39. Bd8 Ra7 40. c7 Bb7 41. Kh1 Qg7 42. h3 Ra1+ 43. Kh2 Qe5+ 44. f4 gxf4 45. Qd7+ Qg7 46. Qxg7+ Kxg7 47.
Be6 Rc1 48. Bxf5 f3 49. gxf3 Rc5 50. Bg4 h5 0-1

[Event "*** Titled Tuesday Blitz"]
[Site "Chess.com"]
[Date "2020.05.26"]
[Round "10"]
[White "BaMBoMaTTo"]
[Black "ama18"]
[Result "0-1"]
[WhiteElo "2682"]
[BlackElo "2549"]
[TimeControl "180+1"]
[EndTime "12:03:35 PDT"]
[Termination "ama18 won on time"]

1. e4 c5 2. Nf3 d6 3. d4 cxd4 4.
Nxd4 Nf6 5. Nc3 a6 6. Bg5 Nbd7 7.
Qe2 h6 8. Bh4 g6 9. f4 e5 10.
fxe5 dxe5 11. O-O-O Qc7 12. Nb3 b5 13. Nd5 Nxd5 14. exd5 Bd6 15. Qd2 f5 16. Kb1 Kf7 17.
Bd3 Nf6 18. Bxf6 Kxf6 19. g4 f4 20. Qe2 Bd7 21. Nd2 Kg7 22. Ne4 Raf8 23. h3 g5 24. Rhe1 Re8 25. Rc1 b4 26. Bxa6 Ra8 27. Bc4 Rhc8 28. Bb3 Bf8 29. Rcd1 Qa5 30. Nxg5 hxg5 31. Qxe5+ Kg6 32. h4 Qd8 33. c3 Qf6 34. Bc2+ Kg7 35. Qe4 Kf7 36. Qh7+ Bg7 37. Qh5+ Kf8 38. hxg5 Qf7 39.
g6 Qf6 40. g5 Qa6 41. Bb3 Ba4 42. Re4 Bxb3 43. Rxf4+ Ke8 44. Re1+ Kd8 0-1

[Event "*** Titled Tuesday Blitz"]
[Site "Chess.com"]
[Date "2020.05.26"]
[Round "10"]
[White "Pavalamalli"]
[Black "Gerasimenyuk_Miha"]
[Result "1/2-1/2"]
[WhiteElo "2294"]
[BlackElo "2396"]
[TimeControl "180+1"]
[EndTime "12:03:39 PDT"]
[Termination "Game drawn - insufficient material"]

1. e4 d5 2. exd5 Qxd5 3. Nc3 Qa5 4. d4 Nf6 5. Nf3 Nc6 6. Bd2 Bg4 7. h3 Qh5 8. Be2 O-O-O 9. Be3 e5 10. d5 e4 11.
Nd4 Bxe2 12. Qxe2 Nxd4 13. Bxd4 Qxe2+ 14. Kxe2 Bb4 15. Bxf6 gxf6 16. Rad1 Bxc3 17. bxc3 f5 18. c4 Kd7 19. Ke3 b6 20. Kf4 Rhg8 21. g3 Rde8 22.
Kxf5 e3 23. fxe3 Rxg3 24. e4 Rf3+ 25. Kg4 Rf2 26. Rhf1 Rxe4+ 27. Kg3 Rxc2 28. Rxf7+ Kd6 29. Rf6+ Kd7 30. Rf7+ Kc8 31. d6 Rc3+ 32. Kf2 cxd6 33. Rxd6 Rxh3 34. Rc6+ Kb8 35. Rcc7 Ra3 36. Rb7+ Ka8 37.
Rbc7 Re8 38. Rxh7 Rxa2+ 39. Kf3 Ra3+ 40. Kf4 Ra5 41. Rhf7 Kb8 42. Rb7+ Ka8 43. Rbc7 Rh8 44. Ke4 Rb8 45. Kd4 b5 46. cxb5 Rbxb5 47. Rc8+ Rb8 48. Rxb8+ Kxb8 49. Kc4 Rg5 50. Kb4 Rg6 51. Rh7 Re6 52. Ka5 Re5+ 53. Ka6 Re6+ 54. Ka5 Rb6 55. Rg7 Rb1 56. Rh7 Ra1+ 57. Kb4 a5+ 58. Kb3 Kc8 59. Ra7 Kb8 60. Rh7 Rf1 61. Ka4 Rf5 62. Rg7 Kc8 63. Ra7 Kb8 64. Rxa5 Rxa5+ 65. Kxa5 1/2-1/2

[Event "*** Titled Tuesday Blitz"]
[Site "Chess.com"]
[Date "2020.05.26"]
[Round "10"]
[White "Indianlad"]
[Black "TigrVShlyape"]
[Result "1/2-1/2"]
[WhiteElo "2983"]
[BlackElo "2875"]
[TimeControl "180+1"]
[EndTime "12:03:42 PDT"]
[Termination "Game drawn - insufficient material"]

1. d4 Nf6 2. c4 g6 3. g3 Bg7 4. Bg2 O-O 5. Nc3 d6 6. Nf3 Nc6 7. O-O e5 8. dxe5 dxe5 9. Bg5 Be6 10. Qa4 Qe8 11. Rfd1 Nd7 12. Nd5 Rc8 13. b4 e4 14.
Nd2 h6 15. Bf4 Bxd5 16. cxd5 Nd4 17. Re1 Nb6 18. Qxe8 Rfxe8 19. Rac1 Nxd5 20. Bxe4 Nxb4 21. Bxb7 Rb8 22. Rxc7 Nd3 23. Rd1 Nxe2+ 24. Kf1 Ndxf4 25. gxf4 Nxf4 26. Nc4 Rbd8 27. Rcd7 Bf6 28. Rxd8 Rxd8 29. Rxd8+ Bxd8 30. f3 Bc7 31. Ne3 Kg7 32. a4 f5 33.
Bc6 Kf6 34. h4 Ke5 35. Ng2 Ne6 36. Be8 Kf6 37. Ne3 Ng7 38. Nd5+ Ke5 39. Nxc7 g5 40. hxg5 hxg5 41. Bb5 a5 42. Be2 Kd6 43. Nb5+ Kc5 44. Bd3 Kb4 45. Bc2 g4 46. f4 Ne6 47. Bxf5 Nxf4 48.
Bxg4 Kxa4 49. Bd7 Kb4 50. Ke1 a4 51. Kd2 a3 52. Kc2 Nd5 53. Nd4 Ne3+ 54. Kb1 Kc3 55. Nb5+ Kb3 56. Be6+ Kb4 57. Nd4 Kc3 58. Ne2+ Kb4 59.
Ka2 Nd1 60. Nd4 Nc3+ 61. Ka1 Nb5 62. Nc2+ Kc3 63. Ne3 Nd4 64. Ka2 Nxe6 65. Kxa3 1/2-1/2

[Event "*** Titled Tuesday Blitz"]
[Site "Chess.com"]
[Date "2020.05.26"]
[Round "10"]
[White "vidavi"]
[Black "MFguimaraes"]
[Result "0-1"]
[WhiteElo "2321"]
[BlackElo "2497"]
[TimeControl "180+1"]
[EndTime "12:03:42 PDT"]
[Termination "MFguimaraes won by resignation"]

1. d4 d5 2. Bf4 e6 3. e3 Bd6 4. Bg3 Nf6 5. Nf3 c5 6. c3 Qc7 7. Nbd2 Nbd7 8. Bd3 O-O 9. O-O e5 10. dxe5 Nxe5 11. Nxe5 Bxe5 12. e4 Bxg3 13. hxg3 Bg4 14. Qc2 c4 15. Bxc4 dxc4 16. e5 Qxe5 17. Nxc4 Qe2 18. Qa4 Bd7 19. Qb4 Bc6 20. Rfe1 Qh5 21. Ne5 Rfe8 22. f4 Ng4 23. Nxg4 Qxg4 24. Kf2 h5 25. f5 Qxb4 26. cxb4 Rxe1 27. Rxe1 Re8 28. Rh1 Rd8 29. Ke3 g6 30. g4 hxg4 31. fxg6 fxg6 32.
Rh4 Re8+ 33. Kf4 Re4+ 34. Kg5 Kg7 35. Rh1 Bd7 36. Rd1 Be6 37. Rc1 Rxb4 38. Rc7+ Bf7 39. b3 g3 40. Rd7 Rb5+ 41. Kf4 Kf6 42. Rc7 a5 43. Kxg3 Rg5+ 44. Kf3 Bd5+ 45. Ke3 Bxg2 46. Kf4 Rf5+ 47. Kg4 Bc6 48. Rc8 Bf3+ 49. Kg3 Kg5 50. Rc7 Bc6 51. Re7 Rf3+ 52. Kh2 Kg4 53. Re2 Rh3+ 54. Kg1 Kg3 55. Re3+ Bf3 0-1

[Event "*** Titled Tuesday Blitz"]
[Site "Chess.com"]
[Date "2020.05.26"]
[Round "10"]
[White "MacDaddyMac"]
[Black "elamier"]
[Result "1-0"]
[WhiteElo "2260"]
[BlackElo "2107"]
[TimeControl "180+1"]
[EndTime "12:03:42 PDT"]
[Termination "MacDaddyMac won on time"]

1. e4 c5 2. Nc3 e6 3. f4 d5 4. d3 dxe4 5. dxe4 Qxd1+ 6. Kxd1 Nc6 7. Bb5 Bd7 8. Nf3 O-O-O 9. Bd2 Nd4 10. Bxd7+ Rxd7 11.
Ne5 Re7 12. Re1 f6 13. Nf3 Nxf3 14. gxf3 Rd7 15. Ke2 Ne7 16. Rad1 Ng6 17. Kf2 Bd6 18. Ne2 Rhd8 19. Be3 b6 20. Rd3 Bc7 21. Red1 Rxd3 22. Rxd3 Rxd3 23. cxd3 Kd7 24. h3 f5 25. Bd2 Ne7 26.
Ke3 g6 27. Be1 b5 28. h4 Bb6 29. Nc3 a6 30. a4 b4 31. Ne2 Nc6 32. h5 a5 33.
hxg6 hxg6 34. Kd2 Bc7 35. Bf2 Bb6 36. Ke1 Nd8 37. Kf1 Nf7 38. Kg2 Nd6 39. Kg3 Ke7 40.
b3 Kf7 41. Ng1 Nc8 42. Nh3 c4 43. dxc4 Bxf2+ 44. Nxf2 Nd6 45. Kg2 Nb7 46. Nd3 Ke7 47. e5 Kd7 48. Kg3 Kc6 49. Kh4 Kd7 50. Kg5 Nd8 51.
Kxg6 Nc6 52. Nc5+ Ke7 53. Nb7 Nd4 54. Nxa5 Nxf3 55. Nc6+ 1-0

[Event "*** Titled Tuesday Blitz"]
[Site "Chess.com"]
[Date "2020.05.26"]
[Round "10"]
[White "Paladin61"]
[Black "VerdeNotte"]
[Result "0-1"]
[WhiteElo "2634"]
[BlackElo "2779"]
[TimeControl "180+1"]
[EndTime "12:03:43 PDT"]
[Termination "VerdeNotte won by resignation"]

1. b3 e5 2. Bb2 Nc6 3. e3 d5 4.
Bb5 Ne7 5. Nf3 e4 6. Ne5 a6 7. Qh5 Be6 8. Bxc6+ Nxc6 9. Nxc6 bxc6 10. Nc3 Bd6 11. Ne2 O-O 12. O-O Qd7 13. h3 f6 14. d3 Bf5 15. Rfd1 Bg6 16. Qh4 Rfe8 17. Rac1 a5 18. a4 exd3 19. cxd3 Rab8 20. Nd4 Rb6 21. Bc3 Ra8 22. Be1 Be5 23. Rc3 Rb4 24. Rdc1 Bxd4 25. exd4 Ra6 26. Qf4 h6 27. Bd2 Rab6 28. Qg3 Kh7 29.
Be3 Rxb3 30. Rxb3 Rxb3 31. Rc5 Bxd3 32. Rxa5 Ra3 33. Ra7 Qd6 34. Bf4 Qf8 35. Rxc7 Bg6 36. Rxc6 Rxg3 37. Bxg3 Qb4 38. Rc7 Qxa4 39. Bd6 Qd1+ 40.
Kh2 Qxd4 41. Bg3 Qe4 42. Rd7 d4 43. Rd6 d3 44. f3 Qe2 45. Bf4 Bh5 46. h4 Bxf3 0-1